 Dungeon Crawl Stone Soup version 0.26-a0-1181-gd376ed14c5 (webtiles) character file.

Game seed: 9927151865419284828

42 wythoutpain the Chucker (level 3, -1/33 HPs)
             Began as a Troll Hunter on Dec 26, 2020.
             Slain by a gnoll
             ... wielding a +0 halberd
              (3 damage)
             ... on level 3 of the Dungeon.
             The game lasted 00:08:30 (1474 turns).

wythoutpain the Chucker (Troll Hunter)              Turns: 1474, Time: 00:08:31

Health: -1/33      AC:  6    Str: 20    XL:     3   Next: 35%
Magic:  2/2        EV: 10    Int:  7    God:
Gold:   2          SH:  0    Dex: 11    Spells: 2/2 levels left

rFire    + . .     SeeInvis .   (no weapon)
rCold    + . .     Faith    .   (no shield)
rNeg     . . .     Spirit   .   b - +0 robe
rPois    .         Reflect  .   (helmet restricted)
rElec    .         Harm     .   j - scarf {rC+ rF+}
rCorr    .         Rampage  .   (gloves unavailable)
Will     .....                  (boots unavailable)
Stlth    +.........             (no amulet)
HPRegen  0.51/turn              (no ring)
MPRegen  0.08/turn              (no ring)

@: no status effects
A: large, unfitting armour, claws 3, regeneration 1, shaggy fur 1, tough skin 3
a: no special abilities


You were on level 3 of the Dungeon.
You visited 1 branch of the dungeon, and saw 3 of its levels.

You collected 92 gold pieces.
You spent 90 gold pieces at shops.

Inventory:

Hand Weapons
 a - a +0 short sword
Missiles
 c - 2 large rocks (quivered)
 d - 2 throwing nets
 g - 113 stones
 k - 8 boomerangs
Armour
 b - a +0 robe (worn)
 j - a scarf of resistance (worn)
Wands
 n - a wand of digging (5)
Scrolls
 h - a scroll of remove curse
 i - a scroll of enchant weapon {unknown}
 m - a scroll of amnesia {unknown}
Potions
 e - a potion of mutation {unknown}
 f - a potion of curing
 l - a potion of haste {unknown}


   Skills:
 + Level 1.6 Fighting
 + Level 0.3 Short Blades
 + Level 4.3 Throwing
 + Level 1.7 Dodging
 + Level 0.6 Stealth
 + Level 0.9 Unarmed Combat


You had 2 spell levels left.
You didn't know any spells.
Your spell library was empty.

Dungeon Overview and Level Annotations

Branches:
Dungeon (3/15)

Altars:
Zin


Innate Abilities, Weirdness & Mutations

You are too large for most types of armour.
You have claws for hands.
Your natural rate of healing is unusually fast.
You are covered in fur. (AC +1)
You have extremely tough skin. (AC +3)


Message History

The gnoll throws a throwing net.
The throwing net hits you.
You become entangled in the net!
You cannot throw anything while held in a net.
You struggle against the net.
The gnoll hits you from afar with a +0 halberd!
You cannot throw anything while held in a net.
You struggle against the net.
You shred the net and break free!
The gnoll throws a throwing net.
The throwing net closely misses you. The gnoll closely misses you.
Throw: 3 large rocks
Press: ? - help, Q - select action, (/) - cycle Shift-Dir - straight line, f/p - gnoll
Aim: a gnoll, wielding a +0 halberd and wearing a +0 robe You throw a large rock.
The large rock closely misses the gnoll.
The gnoll hits you from afar with a +0 halberd!
* * * LOW HITPOINT WARNING * * *
The gnoll hits you with a cursed +0 club.
* * * LOW HITPOINT WARNING * * *
The gnoll hits you from afar with a +0 halberd.
You die...

#(# #.# #.# ##
#.#.( ##.#. #.g.
#..###.###
#(@g......
#.####.### ####'###
#......#
#>.....##+#####..#
#......#......#.(#
#......#......#..#
#......'.........#
########.........##


You could see 2 gnolls.

Vanquished Creatures
  A gnoll (D:3)
  A worm (D:2)
  2 dart slugs
  A leopard gecko (D:2)
  An orc (D:3)
  A ball python (D:3)
  A bat (D:1)
  A giant cockroach (D:3)
  4 hobgoblins
  2 kobolds
  2 frilled lizards (D:3)
  2 goblins (D:1)
  5 rats
24 creatures vanquished.

Vanquished Creatures (others)
  2 plants (D:3)
2 creatures vanquished.

Grand Total: 26 creatures vanquished

Notes
Turn   | Place    | Note
-------+----------+-------------------------------------------
     0 | D:1      | wythoutpain the Troll Hunter began the quest for the Orb.
     0 | D:1      | Reached XP level 1. HP: 19/19 MP: 0/0
   442 | D:1      | Reached skill level 4 in Throwing
   442 | D:1      | Reached XP level 2. HP: 24/27 MP: 1/1
   673 | D:2      | Found Zin's Purification Station.
   673 | D:2      | Found a glowing silver altar of Zin.
  1213 | D:3      | HP: 1/27 [gnoll/+0 spear (4)]
  1286 | D:2      | Bought a potion of curing for 90 gold pieces
  1382 | D:3      | Reached XP level 3. HP: 33/33 MP: 2/2
  1474 | D:3      | Slain by a gnoll

Illustrated notes

Levels and vault maps discovered:
D:1:      psy_arrival_dodecagon, layout_loops_cross
D:2:      layout_basic, zin_purify
D:3:      corexii_shack_village, layout_basic, chequers_serial_rivers_marsh,
          uniq_grinder

Skill      XL: |  1 |
---------------+----+-----
Throwing       | 4 |  4.3
Fighting       | |  1.6
Short Blades   | |  0.3
Dodging        | |  1.7
Stealth        | |  0.6
Unarmed Combat | |  0.9

Action                   || total
-------------------------++-------
Melee: Unarmed           ||    56
       Short sword       ||     2
Throw: Boomerang         ||    14
       Large rock        ||     3
  Use: Scroll            ||     5
Armor: Robe              ||    17
Dodge: Dodged            ||    28

Table legend: (Time is in decaauts)
 A = Elapsed time spent in this place.
 B = Non-inter-level travel time spent in this place.
 C = Inter-level travel time spent in this place.
 D = Time resting spent in this place.
 E = Time spent auto-exploring this place.
 F = Levels seen in this place.
 G = Mean time per level.
                   A        B        C        D        E       F      G
               +--------+--------+--------+--------+--------+-----+--------+
         Total |   1477 |   1349 |    128 |     47 |   1134 |   3 |  492.3 |
       Dungeon |   1477 |   1349 |    128 |     47 |   1134 |   3 |  492.3 |
               +--------+--------+--------+--------+--------+-----+--------+

Top non-repeatable levels by time:
     D:2: 717 daAuts
     D:1: 591 daAuts
     D:3: 168 daAuts
